 Dungeon Crawl Stone Soup version 0.19.3 (webtiles) character file.

214 Mefis the Magician (level 5, 0/28 HPs)
             Began as a Deep Elf Wizard on Jan 22, 2017.
             Was an Initiate of Sif Muna.
             Engulfed by a cloud of noxious fumes (1 damage)
             ... on level 3 of the Dungeon.
             The game lasted 00:06:46 (3799 turns).

Mefis the Magician (Deep Elf Wizard)                Turns: 3799, Time: 00:06:47

Health: 0/28       AC:  2    Str:  4    XL:     5   Next: 59%
Magic:  8/16       EV: 13    Int: 24    God:    Sif Muna [......]
Gold:   132        SH:  0    Dex: 13    Spells: 7 memorised, 2 levels left

rFire  . . .     SeeInvis .     h - +1 dagger (holy)
rCold  . . .     Gourm    .     a - +0 robe
rNeg   . . .     Faith    .     (no shield)
rPois  .         Spirit   .     b - +0 hat
rElec  .         Reflect  .     (no cloak)
rCorr  .         Harm     .     (no gloves)
MR     .....                    (no boots)
Stlth  +.........               (no amulet)
                                (no ring)
                                (no ring)

@: confused, repel missiles
A: no striking features
a: Renounce Religion


You were on level 3 of the Dungeon.
You worshipped Sif Muna.
Sif Muna was noncommittal.
You were hungry.

You visited 1 branch of the dungeon, and saw 3 of its levels.

You collected 132 gold pieces.

Inventory:

Hand Weapons
 h - a +1 dagger of holy wrath (weapon)
Missiles
 k - 2 throwing nets (quivered)
 o - 13 sling bullets
Armour
 a - a +0 robe (worn)
 b - a +0 hat (worn)
Jewellery
 p - an uncursed amulet of harm {unknown}
Scrolls
 g - 2 scrolls of identify {unknown}
 i - a scroll of teleportation {unknown}
 l - a scroll of noise {unknown}
 m - a scroll of remove curse {unknown}
 s - 3 scrolls of random uselessness {unknown}
Potions
 e - a potion of magic {unknown}
 f - a potion of might {unknown}
 j - a potion of degeneration {unknown}
 r - 2 potions of curing {unknown}
Books
 c - a book of Minor Magic

   Spells                             Type                      Level
   a - Magic Dart                     Conjuration                  1
   b - Blink                          Translocation                2
   c - Call Imp                       Summoning                    2
   d - Repel Missiles                 Charms/Air                   2
   e - Slow                           Hexes                        2
   f - Conjure Flame                  Conjuration/Fire             3
   g - Mephitic Cloud                 Conjuration/Poison/Air       3
Comestibles
 d - a bread ration
 n - a slice of pizza
 q - a meat ration


   Skills:
 + Level 3.6 Dodging
 + Level 4.0 Stealth
 * Level 6.6 Spellcasting
 + Level 2.7 Conjurations
 + Level 0.0 Hexes
 + Level 0.0 Charms
 + Level 1.1 Summonings
 - Level 1.1 Translocations
 + Level 0.0 Air Magic
 + Level 0.0 Poison Magic


You had 2 spell levels left.
You knew the following spells:

 Your Spells              Type           Power        Failure   Level  Hunger
a - Magic Dart            Conj           ###.         2%          1    None
b - Call Imp              Summ           ##......     10%         2    None
c - Blink                 Tloc           N/A          10%         2    None
d - Repel Missiles        Chrm/Air       #.....       12%         2    None
e - Mephitic Cloud        Conj/Pois/Air  ##......     17%         3    None
f - Conjure Flame         Conj/Fire      ##......     14%         3    None
g - Slow                  Hex            #.......     12%         2    None


Dungeon Overview and Level Annotations

Branches:
Dungeon (3/15)

Altars:
Sif Muna

Annotations:
D:3 markt42's ghost, amateur HOFi


Message History

Press: ? - help, Shift-Dir - straight line, f - orc wizard
Aim: an orc wizard, wielding a dagger and wearing a robe (translocational energy)
The ball explodes into a vile cloud!
The stinking cloud engulfs the orc wizard.
You hear some strange, mumbled words.
A magic dart appears from out of thin air!
The magic dart hits you!
* * * LOW HITPOINT WARNING * * *
The orc wizard is engulfed in noxious fumes.
The orc wizard appears confused.
Casting: Mephitic Cloud
Confirm with . or Enter, or press ? or * to list all spells.
Aiming: Mephitic Cloud
Press: ? - help, Shift-Dir - straight line, p - orc wizard That beam is likely to hit you.
Continue anyway?
The ball explodes into a vile cloud!
The stinking cloud engulfs something.
The stinking cloud engulfs you!
You are engulfed in noxious fumes.
You choke on the stench!
You are confused.
You die...

............#..##.##..########...
..............##...##..#####.....
..##########..#.._..#............
#.#......<....#.8.8.#..........$)
..............###'###............
##.###.......[##§o§##............
#.###........##§§§##..##.#.###..
#............##≈≈§##...#...# ..
####.........##@{.##.#.#..## ..
#........o#######......# ..
#.............So.......# ..
#.........####.####...##
#.....#.######.......## #
##.#...#......####....##
####......####............#####.#
......#..†###..#.####........##.#
....#.#.......##..# #.#..###.##.#


You could see an orc wizard (confused).

Vanquished Creatures
  An orc priest (D:3)
  Jessica (D:2)
  A gnoll (D:2)
  5 adders
  4 dart slugs
  A worm (D:3)
  4 leopard geckos
  5 orcs (D:3)
  A ball python (D:1)
  4 giant cockroaches
  7 goblins
  6 hobgoblins
  4 jackals (D:3)
  8 bats
  6 frilled lizards
  6 kobolds
  6 rats
70 creatures vanquished.

Vanquished Creatures (collateral kills)
  3 gnolls (D:2)
  A leopard gecko (D:1)
  A rat (D:1)
5 creatures vanquished.

Grand Total: 75 creatures vanquished

Notes
Turn   | Place    | Note
-------+----------+-------------------------------------------
     0 | D:1      | Mefis the Deep Elf Wizard began the quest for the Orb.
     0 | D:1      | Reached XP level 1. HP: 10/10 MP: 7/7
   253 | D:1      | Reached XP level 2. HP: 15/15 MP: 3/9
   257 | D:1      | Learned a level 2 spell: Call Imp
   263 | D:1      | Learned a level 2 spell: Blink
   289 | D:1      | Learned a level 2 spell: Repel Missiles
  1527 | D:2      | Reached XP level 3. HP: 19/19 MP: 7/11
  1532 | D:2      | Learned a level 3 spell: Mephitic Cloud
  1571 | D:2      | Reached skill level 5 in Spellcasting
  1922 | D:2      | Reached XP level 4. HP: 19/24 MP: 1/13
  2501 | D:2      | Noticed Jessica
  2505 | D:2      | Killed Jessica
  2505 | D:2      | Reached skill level 6 in Spellcasting
  2710 | D:2      | Reached XP level 5. HP: 28/28 MP: 9/15
  3019 | D:3      | Noticed markt42's ghost (amateur HOFi)
  3754 | D:3      | Found a deep blue altar of Sif Muna.
  3779 | D:3      | Became a worshipper of Sif Muna the Loreminder
  3784 | D:3      | Learned a level 3 spell: Conjure Flame
  3787 | D:3      | Learned a level 2 spell: Slow
  3798 | D:3      | HP: 1/28 [something/magic dart (8)]
  3799 | D:3      | Engulfed by a cloud of noxious fumes

Skill      XL: |  1  2  3  4  5 |
---------------+----------------+-----
Dodging        | 3 |  3.6
Stealth        | 3 4 |  4.0
Spellcasting   | 5 6 |  6.6
Conjurations   | 2 |  2.7
Summonings     | |  1.1
Translocations | |  1.1

Action                   |  1- 3 |  4- 6 || total
-------------------------+-------+-------++-------
Melee: Unarmed           |     6 |       ||     6
       Dagger            |     1 |     2 ||     3
 Cast: Magic Dart        |    83 |   113 ||   196
       Call Imp          |     5 |       ||     5
       Repel Missiles    |     1 |     2 ||     3
       Mephitic Cloud    |       |     4 ||     4
       Blink             |       |     1 ||     1
  Eat: Chunk             |     3 |     5 ||     8
Armor: Robe              |     6 |     1 ||     7
Dodge: Dodged            |    29 |    13 ||    42
       Deflected         |     3 |     1 ||     4
